 Dungeon Crawl Stone Soup version 0.31-a0-202-g547052bce9 (webtiles) character file.

Game seed: 15667458110724985070

92 qw the Shooter (level 4, -1/25 HPs)
             Began as a Deep Elf Hunter on June 26, 2023.
             Slain by an orc
             ... wielding a +0 whip
              (2 damage)
             ... on level 3 of the Dungeon.
             The game lasted 00:00:32 (1404 turns).

qw the Shooter (Deep Elf Hunter)                    Turns: 1404, Time: 00:00:32

Health: -1/25      AC:  4    Str: 10    XL:     4   Next: 35%
Magic:  6/6        EV: 12    Int: 14    God:
Gold:   78         SH:  0    Dex: 18    Spells: 3/3 levels left

rFire   . . .        Y - +0 shortbow
rCold   . . .        (shield currently unavailable)
rNeg    . . .        c - +0 leather armour
rPois   .            (no helmet)
rElec   .            (no cloak)
rCorr   .            d - +0 pair of gloves
SInv    .            (no boots)
Will    .....        (no amulet)
Stlth   ++           (no ring)
HPRegen 0.24/turn    (no ring)
MPRegen 0.10/turn

%: no passive effects
@: lethally poisoned (-1 -> -2)
A: no striking features
a: no special abilities


You were on level 3 of the Dungeon.
You visited 1 branch of the dungeon, and saw 3 of its levels.

You collected 78 gold pieces.


   Skills:
 - Level 1.5 Fighting
 + Level 7.8 Ranged Weapons
 - Level 2.4 Dodging
 - Level 1.2 Stealth


You had 3 spell levels left.
You didn't know any spells.
Your spell library was empty.

Inventory:

Hand Weapons
 Y - a +0 shortbow (weapon)
Armour
 c - a +0 leather armour (worn)
 d - a +0 pair of gloves (worn)
Scrolls
 f - a scroll of identify {unknown}
Potions
 a - a potion of curing
 b - a potion of haste {unknown}
 e - a potion of degeneration {unknown}
 g - a potion of mutation {unknown}

Dungeon Overview and Level Annotations

Branches:
Dungeon (3/15)

Altars:


Message History

The adder barely misses you. The goblin hits you but does no damage.
The orc wizard hits you with a +0 dagger.
A jackal comes into view.
You shoot an arrow. The arrow barely misses the orc wizard.
The adder bites you but does no damage.
The jackal stops to sniff the ground.
The goblin closely misses you.
The orc wizard hits you with a +0 dagger.
The adder bites you.
You shoot an arrow. The arrow hits the orc wizard.
The orc wizard is heavily wounded.
The adder bites you. The goblin hits you but does no damage.
The orc wizard casts a spell at you. The puff of flame hits you.
You shoot an arrow. The arrow misses the orc wizard.
The adder barely misses you. The goblin misses you.
The orc wizard hits you with a +0 dagger.
The orc closely misses you. The adder barely misses you.
You shoot an arrow. The arrow barely misses the orc wizard.
The goblin hits you but does no damage. The orc hits you but does no damage.
The orc wizard hits you but does no damage.
The adder bites you but does no damage.
You shoot an arrow. The arrow hits the orc wizard!
You kill the orc wizard!
The adder bites you.
You are poisoned.
The adder poisons you! The goblin misses you. The orc hits you with a +0 whip.
The adder misses you.
You have reached level 4!
You feel clever.
You shoot an arrow. The arrow hits the adder.
The adder is lightly wounded.
You feel sick. The orc hits you with a +0 hand axe. The orc closely misses you.
The goblin hits you but does no damage. The adder closely misses you.
You shoot an arrow. The arrow barely misses the adder.
The arrow barely misses the jackal.
You feel sick. The orc hits you but does no damage.
The goblin closely misses you. The orc misses you. The adder bites you.
The goblin hits you but does no damage. The orc barely misses you.
The orc hits you with a +0 whip.
You die...

#.....##.###.########.#
##.##...###8.8#.......#
#>#.####........#######
....%.....#8.8###
#.#.#..<.###.##
.....#####...# #.#.
#...# .) #.o.# . #hg@#
#.oS# .....h.
.?........ ..........)
####....#.## #....#.#
#....#.#


You could see an adder, 2 orcs, 2 jackals and a goblin.

Vanquished Creatures
  An orc wizard (D:3)
  An adder (D:2)
  A dart slug (D:1)
  2 orcs (D:3)
  2 endoplasms
  A giant cockroach (D:1)
  7 goblins
  7 hobgoblins
  5 kobolds
  A quokka (D:1)
  9 ball pythons
  5 bats
  5 frilled lizards (D:1)
  4 rats
51 creatures vanquished.

Notes
Turn   | Place    | Note
-------+----------+-------------------------------------------
     0 | D:1      | qw the Deep Elf Hunter began the quest for the Orb.
     0 | D:1      | Reached XP level 1. HP: 12/12 MP: 3/3
     0 | D:1      | 0 ||| qw: Version: 0.3-a-22-g0ed2b0b
     0 | D:1      | 0 ||| qw: Game counter: 6205
     0 | D:1      | 0 ||| qw: Melee chars always use a shield: true
     0 | D:1      | 0 ||| qw: God list: Okawaru
     0 | D:1      | 0 ||| qw: Allow faded altars: false
     0 | D:1      | 0 ||| qw: Do Orc after clearing Dungeon:15 true
     0 | D:1      | 0 ||| qw: Do second Lair branch before Depths: true
     0 | D:1      | 0 ||| qw: Lair rune preference: random
     0 | D:1      | 0 ||| qw: Goals: Normal
     0 | D:1      | 0 ||| PLANNING D:1-11
   115 | D:1      | Reached XP level 2. HP: 16/16 MP: 4/4
   117 | D:1      | Reached skill level 6 in Ranged Weapons
   320 | D:1      | HP: 4/16 [rat (1)]
   323 | D:1      | Reached XP level 3. HP: 6/20 MP: 5/5
   455 | D:1      | Found a faded altar of an unknown god.
   456 | D:1      | 456 ||| DROPPING ring of magical power.
   457 | D:1      | 457 ||| DROPPING +6 ring of intelligence.
   458 | D:1      | 458 ||| READING scroll labelled GUATRUETSELAARCH.
   559 | D:1      | 559 ||| DROPPING scroll of butterflies.
   928 | D:2      | Reached skill level 7 in Ranged Weapons
  1219 | D:2      | 1219 ||| UPGRADING to +0 pair of gloves.
  1224 | D:2      | 1224 ||| READING scroll labelled PUNNOC AMEY.
  1225 | D:2      | 1225 ||| READING scroll labelled APYKLE CIGUUWN.
  1226 | D:2      | 1226 ||| DRINKING 2 smoky coppery potions.
  1403 | D:3      | Reached XP level 4. HP: 9/25 MP: 6/6
  1403 | D:3      | HP: 3/25 [orc/+0 hand axe (4)]
  1404 | D:3      | HP: 1/25 [adder (1)]
  1404 | D:3      | Slain by an orc

Levels and vault maps discovered:
D:1:      scummos_arrival_hexagon, layout_basic,
          shapermc_ecumenical_altar_petra, chequers_mini_garden
D:2:      layout_loops_cross
D:3:      layout_loops_cross, st_stairs_8, small_statue_intersection,
          kennysheep_potato

Skill      XL: |  1  2  3 |
---------------+----------+-----
Ranged Weapons | 6 7 |  7.8
Fighting       | |  1.5
Dodging        | |  2.4
Stealth        | |  1.2

Action                     |  1- 3 |  4- 6 || total
---------------------------+-------+-------++-------
   Fire: Shortbow          |   126 |     2 ||   128
    Use: Scroll            |     3 |       ||     3
         Potion            |     1 |       ||     1
 Armour: Leather armour    |    22 |     3 ||    25
  Dodge: Dodged            |    40 |     5 ||    45

Table legend:
 A = Non-vault XP
 B = Vault XP
 C = Vault XP percentage of total XP
 D = Non-vault monster count
 E = Vault monster count
 F = Vault count percentage of total count
                 A         B        C        D         E       F
            +---------+---------+-------+---------+---------+-------
      Total |     130 |       2 |   1.5 |      50 |       1 |   2.0
            +---------+---------+-------+---------+---------+-------
        D:1 |      43 |       0 |   0.0 |      28 |       0 |   0.0
        D:2 |      37 |       0 |   0.0 |      15 |       0 |   0.0
        D:3 |      50 |       2 |   3.8 |       7 |       1 |  12.5
            +---------+---------+-------+---------+---------+-------
